AoeStats
← judge0625

Arena

509907780Analyzed
1v1 RM · 5d ago on Sep 28, 2026· 37m 56s· 2 players
Game mode
Random Map
Map size
Tiny (2 player)
Population
200
Speed
Normal
Resources
Standard
Victory
Conquest
Starting age
Dark Age
Ending age
Imperial Age
RankedLock teamsTeams togetherTeam positionsShared explorationLock speedFull tech treeHidden civsTurbo modeCheats
Victory
Defeat
🇹🇷 Britons · Türkiye
765
+16
🇦🇷 Bohemians · Argentina
762
-16
SoloLeandro
11:34 Feudal Age
17:40 Castle Age
16:25 Double-Bit Axe
20:27 Fervor
24:46 Loom
25:37 Wheelbarrow
24:48 Town Watch
25:05 Pikeman
25:45 Squires
25:58 Forging
25:49 Scale Mail Armor
28:57 Imperial Age
26:57 Bow Saw
29:02 Chemistry
29:55 Pikeman
30:39 Squires
31:23 Elite Skirmisher
32:52 Fletching
32:53 Houfnice
35:40 Bodkin Arrow
35:52 Padded Archer Armor
37:20 Ballistics
judge0625
10:17 Feudal Age
19:21 Castle Age
17:45 Gold Mining
17:48 Horse Collar
18:19 Stone Mining
18:19 Double-Bit Axe
18:50 Stone Mining
21:59 Wheelbarrow
28:08 Imperial Age
27:19 Hand Cart
27:48 Bow Saw
28:26 Gold Shaft Mining
28:49 Heavy Plow
30:12 Fletching
30:23 Padded Archer Armor
32:25 Two-Man Saw
32:38 Bodkin Arrow
35:49 Leather Archer Armor
35:40 Bracer
36:25 Husbandry
35:46 Light Cavalry
Connection lost

Rejoining the realm…

Still unreachable

The connection could not be restored.

Session expired

The server has moved on; the page needs a fresh start.